AoeStats
← El_Roger!

Hill Fort

506740928Analyzed
4v4 RM · 17d ago on Sep 14, 2026· 62m 17s· 8 players
Game mode
Random Map
Map size
Large (8 player)
Population
200
Speed
Normal
Resources
Standard
Victory
Conquest
Starting age
Dark Age
Ending age
Imperial Age
RankedLock teamsTeams togetherTeam positionsShared explorationLock speedFull tech treeHidden civsTurbo modeCheats
Victory
Defeat
🇧🇪 Italians · Belgium
1058
+16
🇷🇺 Byzantines · Russia
1043
+16
🇧🇷 Maya · Brazil
970
+19
🇷🇺 Sicilians · Russia
893
+23
🇪🇸 Magyars · Spain
1079
-19
🇹🇼 Koreans · Taiwan
1072
-20
🇹🇼 Teutons · Taiwan
1025
-18
🇲🇽 Berbers · Mexico
1002
-17
BearKing89
13:19 Feudal Age
13:26 Feudal Age
18:12 Castle Age
16:21 Loom
16:50 Horse Collar
16:59 Double-Bit Axe
17:48 Stone Mining
20:01 Fletching
20:12 Padded Archer Armor
22:21 Gold Mining
23:25 Wheelbarrow
25:11 Gold Shaft Mining
26:45 Bodkin Arrow
27:06 Leather Archer Armor
30:37 Kasbah
36:01 Imperial Age
34:37 Hand Cart
35:37 Forging
36:45 Husbandry
36:56 Bloodlines
38:16 Hoardings
39:11 Conscription
39:36 Bow Saw
40:55 Ring Archer Armor
41:38 Ballistics
42:19 Chemistry
40:44 Heavy Camel Rider
41:31 Elite Camel Archer
42:21 Bracer
43:19 Scale Barding Armor
43:50 Iron Casting
43:27 Heavy Plow
45:02 Thumb Ring
46:40 Maghrebi Camels
48:03 Blast Furnace
47:24 Chain Barding Armor
61:18 Coinage
62:43 Plate Barding Armor
61:33 Light Cavalry
Sagittal
9:43 Loom
11:35 Feudal Age
13:14 Wheelbarrow
22:58 Castle Age
21:41 Stone Mining
21:50 Double-Bit Axe
22:26 Stone Mining
22:21 Horse Collar
25:42 Stone Shaft Mining
25:28 Fletching
25:37 Elite Skirmisher
39:34 Imperial Age
37:16 Scale Mail Armor
37:27 Forging
41:06 Conscription
60:44 Cavalier
ramis7_7
5:26 Loom
11:05 Feudal Age
12:44 Wheelbarrow
11:56 Double-Bit Axe
11:55 Horse Collar
15:46 Scale Barding Armor
15:54 Bloodlines
20:19 Castle Age
18:30 Stone Mining
21:55 Bow Saw
22:53 Husbandry
23:26 Chain Barding Armor
26:07 Hand Cart
26:22 Gold Mining
28:29 Gold Shaft Mining
28:49 Fletching
31:42 Bodkin Arrow
31:48 Padded Archer Armor
32:17 Heavy Plow
33:09 Thumb Ring
33:13 Corvinian Army
33:33 Leather Archer Armor
34:16 Masonry
36:30 Ballistics
41:23 Imperial Age
40:26 Town Watch
41:36 Caravan
43:20 Two-Man Saw
42:25 Bracer
42:55 Ring Archer Armor
43:30 Conscription
44:30 Chemistry
44:18 Siege Engineers
43:58 Elite Skirmisher
45:56 Ring Archer Armor
46:24 Plate Barding Armor
47:44 Town Patrol
48:47 Elite Magyar Huszar
50:06 Hoardings
49:32 Murder Holes
49:19 Treadmill Crane
50:33 Crop Rotation
救不了你
5:41 Loom
11:47 Feudal Age
16:46 Castle Age
15:04 Double-Bit Axe
15:14 Horse Collar
16:01 Gold Mining
16:24 Stone Mining
17:28 Fletching
20:12 Bow Saw
25:15 Ballistics
25:41 Wheelbarrow
26:09 Bodkin Arrow
30:33 Hand Cart
30:39 Hand Cart
38:26 Imperial Age
36:26 Heavy Plow
39:37 Bracer
39:30 Elite War Wagon
42:07 Two-Man Saw
42:24 Chemistry
51:27 Husbandry
50:48 Light Cavalry
52:57 Scale Barding Armor
52:52 Scale Mail Armor
53:02 Forging
58:35 Chain Barding Armor
58:30 Chain Mail Armor
59:57 Chain Mail Armor
Encebollado
11:38 Feudal Age
18:13 Castle Age
19:28 Wheelbarrow
18:37 Horse Collar
19:21 Double-Bit Axe
21:01 Bow Saw
20:40 Loom
22:09 Town Watch
23:50 Hand Cart
23:52 Town Patrol
25:53 Heavy Plow
29:46 Gold Mining
29:46 Stone Mining
34:22 Forging
34:12 Scale Mail Armor
34:18 Scale Barding Armor
34:03 Fletching
34:13 Padded Archer Armor
35:14 Husbandry
34:36 Light Cavalry
35:27 Bloodlines
36:18 Iron Casting
35:44 Padded Archer Armor
36:19 Iron Casting
35:59 Chain Mail Armor
39:51 Imperial Age
42:06 Blast Furnace
41:21 Chain Mail Armor
41:01 Bodkin Arrow
41:22 Leather Archer Armor
41:31 Ballistics
41:37 Elite Serjeant
42:38 Leather Archer Armor
43:04 Chain Barding Armor
42:27 Cavalier
52:04 Plate Mail Armor
58:40 Bracer
59:15 Plate Barding Armor
60:07 Plate Barding Armor
Zomberx
12:16 Feudal Age
13:47 Double-Bit Axe
15:15 Double-Bit Axe
18:29 Castle Age
17:01 Gold Mining
19:54 Fletching
22:51 Bodkin Arrow
23:35 Squires
24:24 Loom
25:31 Treadmill Crane
26:47 Horse Collar
27:05 Stone Mining
28:17 Ballistics
30:36 Padded Archer Armor
33:20 Imperial Age
31:30 Fortified Wall
32:44 Wheelbarrow
34:42 Bracer
34:44 Elite Genoese Crossbowman
36:56 Chemistry
37:26 Bow Saw
39:26 Conscription
40:30 Heavy Plow
41:55 Leather Archer Armor
41:40 Town Watch
43:16 Ring Archer Armor
45:40 Hand Cart
47:44 Elite Skirmisher
52:57 Thumb Ring
56:37 Two-Man Saw
61:36 Hoardings
63:14 Silk Road
El_Roger!
11:59 Feudal Age
15:32 Fletching
16:43 Double-Bit Axe
22:39 Castle Age
20:28 Loom
21:38 Gold Mining
22:56 Crossbowman
23:33 Bodkin Arrow
31:55 Wheelbarrow
34:08 Thumb Ring
35:19 Bow Saw
36:56 Ballistics
42:24 Imperial Age
40:10 Hand Cart
41:15 Padded Archer Armor
41:27 Forging
42:51 Gold Shaft Mining
43:16 Capped Ram
44:37 Siege Ram
45:13 Arbalester
47:05 Bracer
47:20 Leather Archer Armor
53:56 Elite Skirmisher
55:12 Ring Archer Armor
56:18 Two-Man Saw
56:02 Pikeman
56:43 Squires
56:31 Gambesons
57:30 Horse Collar
57:57 Halberdier
59:43 Conscription
59:53 Caravan
60:21 Scale Mail Armor
OReiDoPoker
0:34 Loom
11:34 Feudal Age
14:00 Double-Bit Axe
16:09 Horse Collar
22:17 Castle Age
21:00 Forging
23:31 Bow Saw
23:16 Eagle Warrior
24:10 Heavy Plow
25:59 Gold Mining
28:51 Iron Casting
28:16 Scale Mail Armor
28:58 Arson
29:15 Squires
30:24 Town Watch
31:15 Wheelbarrow
31:58 Stone Mining
33:28 Chain Mail Armor
35:52 Hand Cart
42:04 Fletching
42:35 Hul'che Javelineers
46:03 Imperial Age
43:46 Town Patrol
44:21 Bodkin Arrow
46:11 Elite Eagle Warrior
47:58 Blast Furnace
47:29 Plate Mail Armor
48:08 Two-Man Saw
47:50 Crop Rotation
48:39 Holcans
48:35 Conscription
56:57 Bracer
56:58 Padded Archer Armor
57:13 Elite Skirmisher
57:59 Thumb Ring
62:01 Leather Archer Armor
61:52 Caravan
Connection lost

Rejoining the realm…

Still unreachable

The connection could not be restored.

Session expired

The server has moved on; the page needs a fresh start.